 Dungeon Crawl Stone Soup version 0.28.0-53-g5a82cb258f (webtiles) character file.

Game seed: 2762812226559340168

42 MiltankisOP the Insei (level 3, -2/23 HPs)
             Began as an Octopode Transmuter on July 11, 2022.
             Slain by an orc
             ... wielding a +0 flail
              (5 damage)
             ... on level 2 of the Dungeon.
             The game lasted 00:01:57 (1552 turns).

MiltankisOP the Insei (Octopode Transmuter)         Turns: 1552, Time: 00:01:57

Health: -2/23      AC:  1    Str:  9    XL:     3   Next: 54%
Magic:  6/6        EV: 13    Int: 17    God:
Gold:   64         SH:  0    Dex: 12    Spells: 5/6 levels left

rFire   . . .      SeeInvis .     - Unarmed
rCold   . . .      Faith    .   (no shield)
rNeg    . . .      Spirit   .   (helmet restricted)
rPois   .          Reflect  .   (no amulet)
rElec   .          Harm     .   (no ring)
rCorr   .          Rampage  .   (no ring)
Will    .....                   (no ring)
Stlth   ++........              (no ring)
HPRegen 0.07/turn               (no ring)
MPRegen 0.10/turn               (no ring)
                                (no ring)
                                (no ring)

@: no status effects
A: almost no armour, amphibious, 8 rings, camouflage 1, gelatinous body 1,
(nimble swimmer 1), tentacles
a: no special abilities


You were on level 2 of the Dungeon.
You visited 1 branch of the dungeon, and saw 2 of its levels.

You collected 64 gold pieces.

Inventory:

Scrolls
 d - a scroll of amnesia {unknown}
 e - a scroll of vulnerability {unknown}
 f - a scroll of fear {unknown}
Potions
 a - a potion of curing
 b - a potion of lignification {unknown}
 c - a potion of magic {unknown}


   Skills:
 - Level 1.0 Fighting
 - Level 2.0 Dodging
 - Level 3.0 Unarmed Combat
 - Level 2.0 Spellcasting
 + Level 3.0 Transmutations
 + Level 2.5 Poison Magic


You had 5 spell levels left.
You knew the following spells:

 Your Spells              Type           Power      Damage    Failure   Level
a - Beastly Appendage     Tmut           24%        N/A       5%          1

Your spell library contained the following spells:

 Spells                   Type           Power      Damage    Failure   Level
 Wereblood                Tmut           12%        N/A       9%          2
 Spider Form              Tmut/Pois      11%        N/A       19%         3
 Static Discharge         Conj/Air       1%         N/A       28%         2
 Ice Form                 Ice/Tmut       6%         N/A       71%         4
 Dispel Undead            Necr           1%         3d6       88%         4
 Sticky Flame             Conj/Fire      1%         2d3       88%         4
 Conjure Ball Lightning   Conj/Air       0%         3x3d6     100%        6
 Discord                  Hex            0%         N/A       100%        8
 Disjunction              Tloc           0%         N/A       100%        8


Dungeon Overview and Level Annotations

Branches:
Dungeon (2/15)

Altars:


Innate Abilities, Weirdness & Mutations

You cannot wear most types of armour.
You are amphibious.
You can wear up to eight rings at the same time.
Your skin changes colour to match your surroundings (Stealth+).
Your rubbery body absorbs attacks. (AC +1, EV +1)
((You are camouflaged when in or above water. (Stealth+)))
You have tentacles for arms and can constrict up to eight enemies at once.


Message History

You constrict the orc.
You kill the orc!
Your Transmutations skill increases to level 3!
The endoplasm hits you.
Things that are here:
a +2 hand axe of venom; a +0 ring mail; an orc corpse You tentacle-slap the endoplasm.
You pierce the endoplasm.
You kill the endoplasm!
Your transformation is almost over.
The orc throws a boomerang of dispersal.
The boomerang of dispersal barely misses you.
The orc throws a boomerang of dispersal.
The boomerang of dispersal barely misses you.
You barely miss something.
The orc throws a boomerang of dispersal.
The boomerang of dispersal hits you.
You blink.
You miss something.
You pierce something.
Your squeeze misses something. Something hits you.
The orc throws a boomerang of dispersal.
The boomerang of dispersal misses you.
You barely miss something.
Your tentacle spike misses something.
Something hits you.
You closely miss something. Your squeeze misses something.
The orc hits you with a +0 hand axe!
You hear some strange, mumbled words.
Something tries to affect you, but you resist.
You tentacle-slap the orc. You grab the orc.
You pierce the orc.
You squeeze the orc.
You kill the orc!
Your tentacle spike disappears.
Something hits you.
* * * LOW HITPOINT WARNING * * *
Items here: ( ) [ †.
Something hits you.
* * * LOW HITPOINT WARNING * * *
The orc shouts!
You hear a shout!
Things that are here:
a +2 hand axe of venom; a +0 ring mail; an orc corpse The orc hits you with a +0 flail.
You die...

#.#.... #.####. #.#
#. ### ##.## #.
##.##########...###.
#.......÷....#.#.##.
#..............##.#.
##..########..###.###
#...@)..# #.........
#..o###)# ####.####.
#...# #.############.
#...###..............
#....###########.....
#.......... #.####
#.##.###### # #.. o#
...#


{o You could see an orc.

Vanquished Creatures
  An adder (D:2)
  2 orcs (D:2)
  4 endoplasms
  2 giant cockroaches
  2 goblins
  3 hobgoblins
  4 jackals (D:1)
  A bat (D:2)
  4 kobolds
  4 rats
27 creatures vanquished.

Notes
Turn   | Place    | Note
-------+----------+-------------------------------------------
     0 | D:1      | MiltankisOP the Octopode Transmuter began the quest for the
                  | Orb.
     0 | D:1      | Reached XP level 1. HP: 13/13 MP: 3/3
     7 | D:1      | You fall into a shaft and drop 1 floor!
    87 | D:1      | Reached skill level 1 in Poison Magic
   118 | D:1      | Reached XP level 2. HP: 18/18 MP: 3/5
  1033 | D:2      | Reached XP level 3. HP: 23/23 MP: 4/6
  1552 | D:2      | Slain by an orc

Illustrated notes

Levels and vault maps discovered:
D:1:      minmay_arrival_checkered_box, layout_rooms, minmay_hedge_maze
D:2:      layout_loops_ring, ebering_ecumenical_altar_box, basic_altar,
          minmay_pentomino_v2

Skill      XL: |  1  2  3 |
---------------+----------+-----
Poison Magic   | 1 2 |  2.5
Transmutations | 3 |  3.0
Fighting       | |  1.0
Dodging        | |  2.0
Unarmed Combat | |  3.0
Spellcasting   | |  2.0

Action                   || total
-------------------------++-------
Melee: Unarmed           ||    63
       Tentacles         ||    10
       Constrict         ||    16
       Kick              ||    20
       Punch             ||     3
 Cast: Beastly Appendage ||    14
  Use: Potion            ||     1
 Stab: Sleeping          ||     4
Armor: Skin              ||     3
Dodge: Dodged            ||    32
